[Event "WSTCC-50 2020"]
[Site "Prague"]
[Date "2020.03.06"]
[Round "1.8"]
[White "Koehler, Gerhard"]
[Black "Fink-Nunn, Petra"]
[Result "1-0"]
[ECO "D59"]
[WhiteElo "2204"]
[BlackElo "1983"]
[Annotator "ChessBase"]
[PlyCount "89"]
[EventDate "2020.03.06"]
[EventType "team-tourn"]
[EventCountry "CZE"]
[SourceTitle "playchess.com"]
[Source "ChessBase"]
[SourceQuality "1"]
[TimeControl "40/5400+30:1800+30"]

1. c4 e6 2. Nc3 d5 3. d4 Be7 4. Nf3 Nf6 5. Bg5 h6 6. Bh4 O-O 7. e3 b6 8. cxd5 Nxd5 9. Bxe7 Qxe7 10. Nxd5 exd5 11. Bd3 Be6 12. O-O c5 13. dxc5 bxc5 14. Rc1 Nd7 15. Bb1 Rfd8 16. Qd3 g6 17. Qa3 Qf6 18. e4 d4 19. Nd2 g5 20. Rfe1 Qf4 21. Red1 h5 22. g3 Qf6 23. f4 gxf4 24. Rf1 Qg5 25. Rxf4 Rab8 26. Nf3 Qg7 27. b3 Rb7 28. Qa5 Rc8 29. Bd3 Rcb8 30. Qd2 Rb4 31. Rf1 a5 32. Nh4 a4 33. Nf5 Qh7 34. e5 Kh8 35. Qe2 axb3 36. Nd6 Qg7 37. Qxh5+ Kg8 38. Nxf7 bxa2 39. Nh6+ Kh8 40. Nf7+ Kg8 41. Ng5 Bc4 42. Bh7+ Kh8 43. Nf7+ Bxf7 44. Rxf7 Nf6 45. exf6 1-0

[Event "WSTCC-50 2020"]
[Site "Prague"]
[Date "2020.03.06"]
[Round "1.12"]
[White "Lawrence, Paul"]
[Black "Konopka, Michal"]
[Result "0-1"]
[ECO "D85"]
[WhiteElo "1894"]
[BlackElo "2353"]
[Annotator "ChessBase"]
[PlyCount "78"]
[EventDate "2020.03.06"]
[EventType "team-tourn"]
[EventCountry "CZE"]
[SourceTitle "playchess.com"]
[Source "ChessBase"]
[SourceQuality "1"]
[TimeControl "40/5400+30:1800+30"]

1. c4 Nf6 2. Nc3 g6 3. d4 d5 4. cxd5 Nxd5 5. Nf3 Bg7 6. e4 Nxc3 7. bxc3 c5 8. Bb5+ Nc6 9. O-O O-O 10. Bxc6 bxc6 11. h3 Qa5 12. Be3 Rd8 13. Qc2 cxd4 14. cxd4 Qh5 15. Ne5 Bxe5 16. dxe5 Qxe5 17. Qxc6 Bd7 18. Qb7 Bb5 19. Rfd1 a6 20. Rac1 Rab8 21. Rxd8+ Rxd8 22. Qb6 Qd6 23. Qxd6 Rxd6 24. Bh6 f6 25. Rc8+ Kf7 26. f4 Rd4 27. f5 Be8 28. Ra8 Rxe4 29. fxg6+ Kxg6 30. Rxe8 Kxh6 31. Ra8 Ra4 32. Re8 e5 33. Re6 Kg6 34. h4 Rxa2 35. g4 h6 36. Re8 Ra4 37. h5+ Kf7 38. Rh8 Rxg4+ 39. Kf2 Rg5 0-1

[Event "WSTCC-50 2020"]
[Site "Prague"]
[Date "2020.03.06"]
[Round "1.20"]
[White "Bradac, Roman"]
[Black "Petran, Peter"]
[Result "0-1"]
[ECO "A40"]
[WhiteElo "1974"]
[BlackElo "2268"]
[Annotator "ChessBase"]
[PlyCount "76"]
[EventDate "2020.03.06"]
[EventType "team-tourn"]
[EventCountry "CZE"]
[SourceTitle "playchess.com"]
[Source "ChessBase"]
[SourceQuality "1"]
[TimeControl "40/5400+30:1800+30"]

1. d4 g6 2. Nf3 Bg7 3. Bf4 d6 4. c4 Nd7 5. Nc3 e5 6. Bg5 Ngf6 7. h3 h6 8. Be3 c6 9. dxe5 dxe5 10. g3 Qe7 11. Bg2 Qb4 12. Qb3 a5 13. O-O O-O 14. Nd2 Re8 15. a3 Qe7 16. Qc2 Nf8 17. c5 Be6 18. Nde4 Nxe4 19. Nxe4 a4 20. Rac1 Red8 21. Nd6 Bb3 22. Qd2 Kh7 23. Qb4 Rab8 24. Nc4 Ne6 25. Be4 Nd4 26. Rfe1 f5 27. Bb1 Qf7 28. Bd2 Nb5 29. Ne3 e4 30. Bc3 Nxc3 31. bxc3 Bf8 32. Bc2 Be6 33. Bxa4 b6 34. Qb2 Bxc5 35. Bxc6 Qc7 36. Bb5 Bxe3 37. fxe3 Qxg3+ 38. Kf1 f4 0-1

[Event "WSTCC-50 2020"]
[Site "Prague"]
[Date "2020.03.06"]
[Round "1.27"]
[White "Goriatchkin, Jouri"]
[Black "Arnhold, Kerstin"]
[Result "1-0"]
[ECO "E06"]
[WhiteElo "2310"]
[BlackElo "1979"]
[Annotator "ChessBase"]
[PlyCount "66"]
[EventDate "2020.03.06"]
[EventType "team-tourn"]
[EventCountry "CZE"]
[SourceTitle "playchess.com"]
[Source "ChessBase"]
[SourceQuality "1"]
[TimeControl "40/5400+30:1800+30"]

1. d4 Nf6 2. c4 e6 3. g3 Be7 4. Bg2 d5 5. Nf3 c6 6. O-O O-O 7. Nc3 Nbd7 8. b3 Rb8 9. Bf4 Ra8 10. Qc2 Nh5 11. Bc1 f5 12. Bb2 Ndf6 13. Rad1 Ne4 14. Nxe4 fxe4 15. Ne5 Bd6 16. f3 exf3 17. exf3 Qg5 18. f4 Qe7 19. Qe2 Nf6 20. g4 Nd7 21. Nd3 Qf7 22. Rde1 Nb8 23. Ne5 Qc7 24. g5 Na6 25. Bh3 Nb4 26. a3 Bxe5 27. fxe5 Na6 28. Rxf8+ Kxf8 29. Qh5 Qe7 30. Qxh7 Qxg5+ 31. Kh1 Qh6 32. Rf1+ Ke7 33. Qg8 Nb8 1-0

[Event "WSTCC-50 2020"]
[Site "Prague"]
[Date "2020.03.06"]
[Round "1.30"]
[White "Vokac, Marek"]
[Black "Klaiss, Thomas"]
[Result "1-0"]
[ECO "A20"]
[WhiteElo "2348"]
[BlackElo "1991"]
[Annotator "ChessBase"]
[PlyCount "85"]
[EventDate "2020.03.06"]
[EventType "team-tourn"]
[EventCountry "CZE"]
[SourceTitle "playchess.com"]
[Source "ChessBase"]
[SourceQuality "1"]
[TimeControl "40/5400+30:1800+30"]

1. c4 e5 2. g3 Nf6 3. Bg2 Nc6 4. Nc3 Bb4 5. Nd5 O-O 6. e3 Re8 7. Ne2 a6 8. O-O Bf8 9. d3 Rb8 10. b3 d6 11. Bb2 Nd7 12. f4 Ne7 13. f5 Nxd5 14. cxd5 c6 15. Nc3 cxd5 16. Nxd5 Nf6 17. Rc1 Nxd5 18. Bxd5 Qa5 19. e4 Be7 20. Qh5 Rf8 21. Rc2 Bd7 22. g4 Bc6 23. Bxc6 bxc6 24. g5 f6 25. g6 h6 26. Bc1 Rb7 27. Rxc6 Rd8 28. Qe2 d5 29. Qc2 Rbd7 30. Be3 Rb8 31. Rc1 Ba3 32. Rc8+ Rd8 33. Rxb8 Rxb8 34. Qc7 Qxc7 35. Rxc7 d4 36. Bd2 Ra8 37. Ba5 Bd6 38. Rc6 Be7 39. Kf1 Kf8 40. Ke2 Ke8 41. Kd1 Ra7 42. Rc8+ Kd7 43. Rg8 1-0

[Event "WSTCC-50 2020"]
[Site "Prague"]
[Date "2020.03.06"]
[Round "1.31"]
[White "Mueller, Thomas"]
[Black "Polasek, Jaroslav"]
[Result "0-1"]
[ECO "C01"]
[WhiteElo "2025"]
[BlackElo "2365"]
[Annotator "ChessBase"]
[PlyCount "48"]
[EventDate "2020.03.06"]
[EventType "team-tourn"]
[EventCountry "CZE"]
[SourceTitle "playchess.com"]
[Source "ChessBase"]
[SourceQuality "1"]
[TimeControl "40/5400+30:1800+30"]

1. d4 e6 2. e4 d5 3. exd5 exd5 4. Bd3 Bd6 5. Nc3 c6 6. Nge2 Qf6 7. Be3 Ne7 8. Qd2 Bf5 9. Bg5 Qg6 10. Bxe7 Kxe7 11. Bxf5 Qxf5 12. O-O Kd7 13. Ng3 Qg6 14. Nce2 h5 15. h4 Na6 16. Rfe1 Rae8 17. Qg5 Qxg5 18. hxg5 Nb4 19. Rac1 Nxa2 20. Ra1 Nb4 21. Rxa7 Kc7 22. Kf1 Bxg3 23. Nxg3 Rxe1+ 24. Kxe1 Nxc2+ 0-1

[Event "WSTCC-50 2020"]
[Site "Prague"]
[Date "2020.03.06"]
[Round "1.35"]
[White "Wolf, Volker"]
[Black "Baerthel, Klaus"]
[Result "1-0"]
[ECO "A38"]
[WhiteElo "2278"]
[BlackElo "1875"]
[Annotator "ChessBase"]
[PlyCount "61"]
[EventDate "2020.03.06"]
[EventType "team-tourn"]
[EventCountry "CZE"]
[SourceTitle "playchess.com"]
[Source "ChessBase"]
[SourceQuality "1"]
[TimeControl "40/5400+30:1800+30"]

1. Nf3 Nf6 2. g3 c5 3. Bg2 Nc6 4. c4 g6 5. O-O Bg7 6. Nc3 O-O 7. d3 d6 8. Bg5 Rb8 9. Qd2 a6 10. Bh6 Nd4 11. Bxg7 Nxf3+ 12. Bxf3 Kxg7 13. a3 Bd7 14. b4 b6 15. Rfb1 Qc7 16. Ra2 Rfc8 17. Rab2 e6 18. Rb3 d5 19. cxd5 c4 20. dxc4 Qxc4 21. e3 exd5 22. Be2 Qc6 23. b5 Qe6 24. bxa6 Bc6 25. Qd4 Kg8 26. Rxb6 Ra8 27. Bb5 Nd7 28. Rxc6 Rxc6 29. Bxc6 Qxc6 30. Nxd5 Qd6 31. Nb6 1-0

[Event "WSTCC-50 2020"]
[Site "Prague"]
[Date "2020.03.06"]
[Round "1.36"]
[White "Wendling, Jens"]
[Black "Polster, Wolfgang"]
[Result "0-1"]
[ECO "C00"]
[WhiteElo "1908"]
[BlackElo "2201"]
[Annotator "ChessBase"]
[PlyCount "64"]
[EventDate "2020.03.06"]
[EventType "team-tourn"]
[EventCountry "CZE"]
[SourceTitle "playchess.com"]
[Source "ChessBase"]
[SourceQuality "1"]
[TimeControl "40/5400+30:1800+30"]

1. e4 e6 2. Qe2 c5 3. g3 Nc6 4. c3 g6 5. Nf3 Bg7 6. Bg2 d6 7. O-O Nge7 8. Na3 O-O 9. Re1 a6 10. Nc2 Qc7 11. d4 cxd4 12. cxd4 Bd7 13. Bf4 Rac8 14. Rac1 Qb8 15. Red1 Rfd8 16. Nce1 Na7 17. d5 Rxc1 18. Bxc1 exd5 19. exd5 Re8 20. Qd2 Qc7 21. Nc2 Nac8 22. Ne3 Nf5 23. Qb4 a5 24. Qb3 Nb6 25. Re1 Nd4 26. Qd1 Qc5 27. b3 Nb5 28. a4 Nc3 29. Qd3 Ncxd5 30. Rd1 Bc6 31. Ba3 Qxa3 32. Nxd5 Nxd5 0-1

[Event "WSTCC-50 2020"]
[Site "Prague"]
[Date "2020.03.06"]
[Round "1.37"]
[White "Korenek, Frantisek"]
[Black "Pekarek, Ales"]
[Result "0-1"]
[ECO "B08"]
[WhiteElo "1952"]
[BlackElo "2274"]
[Annotator "ChessBase"]
[PlyCount "108"]
[EventDate "2020.03.06"]
[EventType "team-tourn"]
[EventCountry "CZE"]
[SourceTitle "playchess.com"]
[Source "ChessBase"]
[SourceQuality "1"]
[TimeControl "40/5400+30:1800+30"]

1. e4 d6 2. d4 Nf6 3. Nc3 g6 4. Nf3 Bg7 5. Be2 O-O 6. O-O a6 7. a4 Nc6 8. h3 e5 9. d5 Ne7 10. Be3 Kh8 11. Ne1 Nd7 12. f4 f5 13. fxe5 Nxe5 14. Nf3 f4 15. Nxe5 Bxe5 16. Bd4 Ng8 17. Bxe5+ dxe5 18. Bg4 Bxg4 19. Qxg4 Qd6 20. Kh2 Nf6 21. Qf3 g5 22. g4 Rg8 23. Rg1 Qc5 24. Rg2 b5 25. Qd3 b4 26. Nd1 Rgd8 27. c4 bxc3 28. Nxc3 Qd4 29. Rd1 Qxd3 30. Rxd3 Rab8 31. Re2 Rb4 32. Kg2 Ne8 33. Kf3 Rdb8 34. d6 cxd6 35. Nd5 Rb3 36. Rc3 Ng7 37. Nc7 Rxb2 38. Nxa6 Ne6 39. Nxb8 Nd4+ 40. Kf2 Rxe2+ 41. Kf1 Ra2 42. Nd7 Rxa4 43. Nf6 Kg7 44. Ne8+ Kg6 45. Nxd6 h5 46. Nf5 hxg4 47. hxg4 Kf6 48. Rh3 Nxf5 49. exf5 e4 50. Rb3 Ra1+ 51. Kf2 Ra2+ 52. Kf1 f3 53. Re3 Ke5 54. f6 Kf4 0-1

[Event "WSTCC-50 2020"]
[Site "Prague"]
[Date "2020.03.06"]
[Round "1.38"]
[White "Pastircak, Milan"]
[Black "Hejda, Antonin"]
[Result "1-0"]
[ECO "D02"]
[WhiteElo "2277"]
[BlackElo "1907"]
[Annotator "ChessBase"]
[PlyCount "51"]
[EventDate "2020.03.06"]
[EventType "team-tourn"]
[EventCountry "CZE"]
[SourceTitle "playchess.com"]
[Source "ChessBase"]
[SourceQuality "1"]
[TimeControl "40/5400+30:1800+30"]

1. Nf3 Nf6 2. d4 d5 3. Bf4 Bg4 4. Ne5 Bh5 5. c4 Nbd7 6. Nc3 c6 7. Qb3 Qb6 8. Nxd7 Nxd7 9. cxd5 Qxb3 10. axb3 Nb6 11. dxc6 bxc6 12. e4 e6 13. Ba6 Rd8 14. Bb7 Rxd4 15. Bxc6+ Nd7 16. Rxa7 Bb4 17. O-O Ke7 18. Nb5 Rd3 19. Bd6+ Rxd6 20. Nxd6 Kxd6 21. Bxd7 Ke5 22. Rb7 Bc5 23. Rc1 Bd4 24. Rb5+ Kd6 25. Rxh5 Kxd7 26. Rd1 1-0

[Event "WSTCC-50 2020"]
[Site "Prague"]
[Date "2020.03.06"]
[Round "1.39"]
[White "Musil, Martin"]
[Black "Mudrak, Josef"]
[Result "0-1"]
[ECO "B34"]
[WhiteElo "1937"]
[BlackElo "2213"]
[Annotator "ChessBase"]
[PlyCount "52"]
[EventDate "2020.03.06"]
[EventType "team-tourn"]
[EventCountry "CZE"]
[SourceTitle "playchess.com"]
[Source "ChessBase"]
[SourceQuality "1"]
[TimeControl "40/5400+30:1800+30"]

1. e4 c5 2. Nf3 Nc6 3. d4 cxd4 4. Nxd4 Nf6 5. Nc3 e5 6. Nb3 Bb4 7. Bd3 d5 8. exd5 Nxd5 9. Bd2 Nxc3 10. bxc3 Be7 11. O-O O-O 12. Re1 f5 13. Qh5 Be6 14. Rad1 Qc7 15. Qe2 Bd6 16. h3 Rae8 17. Bc4 Kh8 18. Bxe6 Rxe6 19. Qd3 Rg6 20. c4 e4 21. Qe3 b6 22. Bc3 Be5 23. Rd5 f4 24. Qd2 e3 25. fxe3 Bxc3 26. Qxc3 f3 0-1

[Event "WSTCC-50 2020"]
[Site "Prague"]
[Date "2020.03.06"]
[Round "1.40"]
[White "Vrana, Frantisek"]
[Black "Postupa, Pavel"]
[Result "1/2-1/2"]
[ECO "C67"]
[WhiteElo "2231"]
[BlackElo "2217"]
[Annotator "ChessBase"]
[PlyCount "98"]
[EventDate "2020.03.06"]
[EventType "team-tourn"]
[EventCountry "CZE"]
[SourceTitle "playchess.com"]
[Source "ChessBase"]
[SourceQuality "1"]
[TimeControl "40/5400+30:1800+30"]

1. e4 e5 2. Nf3 Nc6 3. Bb5 Nf6 4. O-O Nxe4 5. Re1 Nd6 6. Nxe5 Nxe5 7. Rxe5+ Be7 8. Bf1 O-O 9. Nc3 Bf6 10. Re1 c6 11. d4 Re8 12. Bf4 Rxe1 13. Qxe1 Ne8 14. d5 d6 15. dxc6 bxc6 16. Bd3 g6 17. Rd1 Be6 18. Be4 d5 19. Na4 Ng7 20. b3 Qe7 21. Bf3 Nf5 22. Be3 Nxe3 23. Qxe3 Bf5 24. Qd2 Rd8 25. b4 Bg5 26. Qc3 d4 27. Qc4 Be6 28. Qc5 Qxc5 29. Nxc5 Bf5 30. Be4 Bxe4 31. Nxe4 Be7 32. a3 f5 33. Ng3 a5 34. Ne2 axb4 35. axb4 Bf6 36. Kf1 Rd5 37. Ke1 Be7 38. Rxd4 Rxd4 39. Nxd4 Bxb4+ 40. Ke2 c5 41. Nc6 Bc3 42. Kd3 Be1 43. f3 h5 44. Kc4 Bf2 45. Ne5 Kg7 46. Nd3 Bg1 47. h3 Kf6 48. Nxc5 Kg5 49. Ne6+ Kh4 1/2-1/2

[Event "WSTCC-50 2020"]
[Site "Prague"]
[Date "2020.03.06"]
[Round "1.42"]
[White "Goldmane, Astra"]
[Black "Dolgitser, Konstantin"]
[Result "1/2-1/2"]
[ECO "B22"]
[WhiteElo "2015"]
[BlackElo "2232"]
[Annotator "ChessBase"]
[PlyCount "59"]
[EventDate "2020.03.06"]
[EventType "team-tourn"]
[EventCountry "CZE"]
[SourceTitle "playchess.com"]
[Source "ChessBase"]
[SourceQuality "1"]
[TimeControl "40/5400+30:1800+30"]

1. e4 c5 2. c3 Nf6 3. e5 Nd5 4. d4 cxd4 5. Nf3 Nc6 6. cxd4 d6 7. Bc4 e6 8. O-O Be7 9. exd6 Bxd6 10. Nc3 Nxc3 11. bxc3 O-O 12. Bd3 h6 13. Bd2 e5 14. Be4 Bg4 15. h3 Bxf3 16. Qxf3 exd4 17. Bxc6 bxc6 18. cxd4 Rc8 19. Rfd1 Bc7 20. Bb4 Re8 21. Rac1 Qd7 22. Bc5 Bb6 23. Rd3 Red8 24. Rdc3 Bxc5 25. Rxc5 Qxd4 26. Rxc6 Rxc6 27. Qxc6 Qd2 28. Qc2 Qf4 29. Rd1 Rxd1+ {Qf5} 30. Qxd1 1/2-1/2

[Event "WSTCC-50 2020"]
[Site "Prague"]
[Date "2020.03.06"]
[Round "1.43"]
[White "Koganov, Mikhail"]
[Black "Harlinska, Sandra"]
[Result "1/2-1/2"]
[ECO "A05"]
[WhiteElo "2085"]
[BlackElo "1817"]
[Annotator "ChessBase"]
[PlyCount "57"]
[EventDate "2020.03.06"]
[EventType "team-tourn"]
[EventCountry "CZE"]
[SourceTitle "playchess.com"]
[Source "ChessBase"]
[SourceQuality "1"]
[TimeControl "40/5400+30:1800+30"]

1. Nf3 Nf6 2. c4 g6 3. Nc3 d5 4. cxd5 Nxd5 5. Qa4+ c6 6. Qd4 Nf6 7. Qxd8+ Kxd8 8. e4 Nbd7 9. Bc4 e6 10. O-O b5 11. Bb3 b4 12. e5 Ng4 13. Ne4 Ngxe5 14. Nxe5 Nxe5 15. d4 Nd7 16. Bg5+ Be7 17. Rfc1 h6 18. Bf4 g5 19. Be3 Nb6 20. Nc5 Bd7 21. Nd3 f6 22. Nc5 Bxc5 23. Rxc5 a5 24. Rac1 Ke7 25. Kf1 Rhd8 26. Bd1 Be8 27. Bf3 Nd5 28. Bxd5 Rxd5 29. Rxd5 1/2-1/2

[Event "WSTCC-50 2020"]
[Site "Prague"]
[Date "2020.03.06"]
[Round "1.47"]
[White "Koblasa, Josef"]
[Black "Yakimenko, Alexander A."]
[Result "1/2-1/2"]
[ECO "A25"]
[WhiteElo "1938"]
[BlackElo "2149"]
[Annotator "ChessBase"]
[PlyCount "93"]
[EventDate "2020.03.06"]
[EventType "team-tourn"]
[EventCountry "CZE"]
[SourceTitle "playchess.com"]
[Source "ChessBase"]
[SourceQuality "1"]
[TimeControl "40/5400+30:1800+30"]

1. c4 e5 2. Nc3 Nc6 3. g3 g6 4. Bg2 Bg7 5. e4 d6 6. d3 Nd4 7. Nge2 Bg4 8. h3 Bf3 9. Kf1 Bxg2+ 10. Kxg2 Nxe2 11. Qxe2 Qd7 12. Be3 Ne7 13. Qd2 O-O 14. Bh6 f5 15. Bxg7 Kxg7 16. f3 Nc6 17. Raf1 Rf7 18. Rf2 Raf8 19. Rhf1 f4 20. g4 Qe7 21. Kh2 Nd4 22. Rg2 g5 23. Qf2 Rh8 24. Rh1 h5 25. Kg1 Kf8 26. Ne2 Ne6 27. d4 Rfh7 28. Rgh2 Qg7 29. d5 Nd4 30. Nc3 a6 31. Qg2 Qd7 32. Ne2 hxg4 33. hxg4 Rxh2 34. Rxh2 Rxh2 35. Kxh2 Qh7+ 36. Kg1 Qh4 37. Qf2 Qh3 38. Nxd4 exd4 39. Qxd4 Qg3+ 40. Kf1 Qxf3+ 41. Ke1 Kf7 42. e5 Qg3+ 43. Kd2 Qg2+ 44. Kc3 Qg3+ 45. Kd2 Qg2+ 46. Kc3 Qg3+ 47. Kd2 1/2-1/2

[Event "WSTCC-50 2020"]
[Site "Prague"]
[Date "2020.03.06"]
[Round "1.48"]
[White "Chudinovskikh, Alexander M"]
[Black "Kozak, Karel"]
[Result "1-0"]
[ECO "B09"]
[WhiteElo "2139"]
[BlackElo "1856"]
[Annotator "ChessBase"]
[PlyCount "69"]
[EventDate "2020.03.06"]
[EventType "team-tourn"]
[EventCountry "CZE"]
[SourceTitle "playchess.com"]
[Source "ChessBase"]
[SourceQuality "1"]
[TimeControl "40/5400+30:1800+30"]

1. e4 d6 2. d4 g6 3. Nc3 Bg7 4. f4 Nf6 5. Bd3 O-O 6. Nf3 c6 7. O-O b5 8. a3 Qb6 9. Kh1 a5 10. Qe1 Bb7 11. Qh4 b4 12. Ne2 c5 13. e5 Ne8 14. e6 f5 15. dxc5 dxc5 16. Ne5 Nf6 17. Be3 Qc7 18. Rad1 Bd5 19. Bc4 Bxc4 20. Nxc4 Ra6 21. Nc1 Rxe6 22. Rd3 Ng4 23. Bg1 Re4 24. b3 Rxf4 25. Rxf4 Qxf4 26. Ne2 Qf1 27. Rd2 Bf6 28. Qg3 Bg5 29. Rd3 Qxe2 30. h3 Qxc2 31. hxg4 fxg4 32. Rd5 Bf4 33. Qxg4 Qxb3 34. Qe6+ Rf7 35. Ne5 1-0

[Event "WSTCC-50 2020"]
[Site "Prague"]
[Date "2020.03.07"]
[Round "2.19"]
[White "Scheckenbach, Franz"]
[Black "Goriatchkin, Jouri"]
[Result "0-1"]
[ECO "C00"]
[WhiteElo "2101"]
[BlackElo "2310"]
[Annotator "RC"]
[PlyCount "132"]
[EventDate "2020.03.06"]
[EventType "team-tourn"]
[EventCountry "CZE"]
[SourceTitle "playchess.com"]
[Source "ChessBase"]
[SourceQuality "1"]
[TimeControl "40/5400+30:1800+30"]

1. e4 e6 2. d3 d5 3. Qe2 Nf6 4. g3 dxe4 5. dxe4 e5 6. Nf3 Nc6 7. Bg2 Bg4 8. c3 Qd7 9. Bg5 Be7 10. Nbd2 h6 11. Be3 Bh3 12. Bxh3 Qxh3 13. Nh4 O-O-O 14. f3 Nh5 15. Nf5 Bf6 16. Bf2 Bg5 17. Ne3 Bxe3 18. Qxe3 Rd7 19. O-O-O Rhd8 20. Qe1 Qe6 21. Kb1 Rd3 22. Qe2 Qd7 23. Kc2 Na5 24. Nb3 Rxd1 25. Rxd1 Qxd1+ 26. Qxd1 Rxd1 27. Kxd1 Nxb3 28. axb3 b6 29. Ke2 Kd7 30. Kd3 Kc6 31. c4 Nf6 32. b4 a6 33. Be1 Nd7 34. Bc3 Kd6 35. f4 g6 36. Ke3 Ke6 37. Kf3 h5 38. h3 exf4 39. gxf4 b5 40. b3 Nb6 41. cxb5 axb5 42. Bd4 Nd7 43. Ke3 f5 44. e5 Kd5 45. h4 Nf8 46. Bc5 Ne6 47. Ba7 Nd8 48. Bc5 Nc6 49. Kf3 Nd8 50. Ke3 Ne6 51. Ba7 Kc6 52. Bd4 Nd8 53. Bc5 Kd5 54. Bd4 Nc6 55. Bc5 Nb8 56. Ba7 Na6 57. Bc5 Nxc5 58. bxc5 Kxc5 59. b4+ Kd5 60. Kd3 c5 61. bxc5 Kxc5 62. Kc3 Kd5 63. Kb4 g5 64. fxg5 f4 65. g6 Ke6 66. g7 f3 0-1

[Event "WSTCC-50 2020"]
[Site "Prague"]
[Date "2020.03.07"]
[Round "2.27"]
[White "Chaloupka, Vladimir"]
[Black "Wolf, Volker"]
[Result "1/2-1/2"]
[ECO "A90"]
[WhiteElo "2058"]
[BlackElo "2278"]
[Annotator "ChessBase"]
[PlyCount "116"]
[EventDate "2020.03.06"]
[EventType "team-tourn"]
[EventCountry "CZE"]
[SourceTitle "playchess.com"]
[Source "ChessBase"]
[SourceQuality "1"]
[TimeControl "40/5400+30:1800+30"]

1. d4 e6 2. c4 f5 3. g3 Nf6 4. Bg2 d5 5. Nc3 c6 6. Nf3 Bd6 7. O-O O-O 8. Ne5 Bxe5 9. dxe5 Ng4 10. cxd5 cxd5 11. b3 Nxe5 12. Nb5 a6 13. Nd4 Nbc6 14. Bb2 Rf7 15. Rc1 Nxd4 16. Qxd4 Nc6 17. Qd2 Bd7 18. Bf3 Be8 19. h4 Rc8 20. Rfd1 Rd7 21. b4 Na7 22. Qe3 Rxc1 23. Rxc1 Nc6 24. Qxe6+ Bf7 25. Qxf5 Nxb4 26. Qe5 d4 27. a3 Nc6 28. Bxc6 bxc6 29. Rxc6 Rd5 30. Qf4 Qe8 31. Rc7 Rd7 32. Rxd7 Qxd7 33. Bxd4 h6 34. Qe5 Bc4 35. Kf1 Qb7 36. Kg1 Qd7 37. Bc3 Bb5 38. f3 Bc6 39. Kf2 Qf7 40. g4 Bb7 41. g5 hxg5 42. Qxg5 Bc6 43. h5 Kh7 44. f4 Be4 45. Bd4 Bc2 46. Kg3 Bb1 47. Kh4 Qd7 48. Qe5 Qb7 49. Kg3 Bc2 50. f5 Qf7 51. e4 Bd1 52. h6 Kxh6 53. Qd6+ Kh7 54. Qxa6 Qh5 55. Qd3 Qg4+ 56. Kf2 Qf4+ 57. Kg2 Qg4+ 58. Kf2 Qf4+ 1/2-1/2

[Event "WSTCC-50 2020"]
[Site "Prague"]
[Date "2020.03.07"]
[Round "2.36"]
[White "Gattermayer, Robert"]
[Black "Koehler, Gerhard"]
[Result "1/2-1/2"]
[ECO "B26"]
[WhiteElo "1979"]
[BlackElo "2204"]
[Annotator "ChessBase"]
[PlyCount "146"]
[EventDate "2020.03.06"]
[EventType "team-tourn"]
[EventCountry "CZE"]
[SourceTitle "playchess.com"]
[Source "ChessBase"]
[SourceQuality "1"]
[TimeControl "40/5400+30:1800+30"]

1. e4 c5 2. Nc3 Nc6 3. d3 g6 4. g3 Bg7 5. Bg2 d6 6. Be3 Nf6 7. h3 Rb8 8. Qd2 Nd4 9. Nce2 Nc6 10. c3 O-O 11. Bh6 e5 12. Nf3 d5 13. Bxg7 Kxg7 14. exd5 Nxd5 15. O-O f6 16. Rad1 Be6 17. c4 Nde7 18. Kh2 Qc7 19. a3 Rbd8 20. Qc2 Rd7 21. Qb1 Qb6 22. b3 Rfd8 23. Nc3 Qa5 24. Na4 Bf5 25. Ne1 h5 26. f3 Be6 27. Nc2 Rxd3 28. Rxd3 Rxd3 29. Nb4 Rd6 30. Nd3 b6 31. Rd1 Rd4 32. Qc2 Qa6 33. g4 Qc8 34. Nc3 Qh8 35. Kg1 Qh6 36. Qe2 Bf7 37. Ne4 g5 38. Ndf2 Ng6 39. Nd6 Be6 40. Rxd4 Nxd4 41. Qe4 Kg8 42. Ne8 Nf8 43. Qb7 f5 44. gxh5 Bf7 45. Qe7 Bxe8 46. Qxe8 Ne2+ 47. Kh2 Qd6 48. h6 e4+ 49. Kh1 Qxh6 50. fxe4 g4 51. Qd8 Qc1+ 52. Qd1 Qxd1+ 53. Nxd1 gxh3 54. Bxh3 fxe4 55. Bg2 Ne6 56. Kh2 Ng5 57. Bf1 Nd4 58. b4 Nc2 59. bxc5 bxc5 60. a4 Nf3+ 61. Kg3 Nd2 62. Be2 Kf7 63. Kf4 Ke6 64. Nc3 Nd4 65. Bg4+ Kd6 66. Nxe4+ Nxe4 67. Kxe4 Kc6 68. Ke5 a5 69. Bh5 Nc2 70. Be8+ Kb6 71. Ke4 Nb4 72. Ke5 Kc7 73. Bb5 Kd8 1/2-1/2

[Event "WSTCC-50 2020"]
[Site "Prague"]
[Date "2020.03.07"]
[Round "2.47"]
[White "Mudrak, Josef"]
[Black "Jhunjhnuwala, Naresh"]
[Result "1-0"]
[ECO "A43"]
[WhiteElo "2213"]
[BlackElo "2085"]
[Annotator "ChessBase"]
[PlyCount "123"]
[EventDate "2020.03.06"]
[EventType "team-tourn"]
[EventCountry "CZE"]
[SourceTitle "playchess.com"]
[Source "ChessBase"]
[SourceQuality "1"]
[TimeControl "40/5400+30:1800+30"]

1. d4 c5 2. c3 cxd4 3. cxd4 d5 4. Nf3 Nc6 5. Nc3 Nf6 6. Bf4 e6 7. e3 Bb4 8. Bd3 O-O 9. O-O Bxc3 10. bxc3 Ne4 11. Bxe4 dxe4 12. Nd2 f5 13. f3 exf3 14. Qxf3 Qd5 15. Qg3 Rf6 16. c4 Qd7 17. Rfd1 Ne7 18. Nf3 b6 19. Ne5 Qe8 20. d5 Ng6 21. Bg5 Rf8 22. d6 Nxe5 23. Qxe5 f4 24. exf4 Rf5 25. Qe4 Bd7 26. Re1 Qc8 27. Rad1 Rb8 28. Qd4 Rc5 29. Rc1 Qc6 30. Re3 Rf8 31. Be7 Rf7 32. Re5 Rf5 33. Rxf5 Rxf5 34. Rc3 a6 35. Bd8 b5 36. cxb5 Qxb5 37. Qc4 Rd5 38. Qxb5 Bxb5 39. Be7 Rd2 40. a3 Kf7 41. Rc8 Kg6 42. h3 Kf5 43. Rc5+ Ke4 44. a4 Bxa4 45. Rc4+ Rd4 46. Rxa4 Rxa4 47. d7 Rd4 48. d8=Q Rxd8 49. Bxd8 Kxf4 50. Kf2 h5 51. g3+ Ke4 52. Ke2 Kd4 53. Bc7 Ke4 54. Bb6 e5 55. Bd8 g6 56. Bb6 g5 57. Bd8 h4 58. g4 Kf4 59. Kf2 Ke4 60. Bxg5 a5 61. Bxh4 a4 62. Be7 1-0

[Event "WSTCC-50 2020"]
[Site "Prague"]
[Date "2020.03.08"]
[Round "3.20"]
[White "Chudinovskikh, Alexander M"]
[Black "Petran, Peter"]
[Result "1/2-1/2"]
[ECO "B06"]
[WhiteElo "2139"]
[BlackElo "2268"]
[Annotator "RC"]
[PlyCount "100"]
[EventDate "2020.03.06"]
[EventType "team-tourn"]
[EventCountry "CZE"]
[SourceTitle "playchess.com"]
[Source "ChessBase"]
[SourceQuality "1"]
[TimeControl "40/5400+30:1800+30"]

1. e4 g6 2. d4 Bg7 3. Nc3 c6 4. Bc4 b5 5. Bb3 b4 6. Nce2 d5 7. e5 e6 8. Nf3 Nd7 9. a3 bxa3 10. Rxa3 c5 11. Bg5 Ne7 12. O-O h6 13. Bd2 Nc6 14. Ba4 Bb7 15. dxc5 O-O 16. Bxc6 Bxc6 17. Ned4 Rc8 18. b4 Nxe5 19. Nxe5 Bxe5 20. Nxc6 Rxc6 21. Bxh6 Qh4 22. f4 Qxh6 23. fxe5 Rc7 24. Qd4 Rb8 25. c3 Kg7 26. Qf4 Qxf4 27. Rxf4 Rh8 28. c4 Rh5 29. Re3 a5 30. cxd5 exd5 31. bxa5 Rxc5 32. a6 Ra5 33. g4 Rh8 34. Ref3 Re8 35. Rxf7+ Kh6 36. h4 Rxa6 37. Kg2 g5 38. R7f5 gxh4 39. Kh3 Rae6 40. g5+ Kg7 41. Rf7+ Kg8 42. Kxh4 Rxe5 43. Kh5 R8e7 44. Rf8+ Kg7 45. R8f6 Rd7 46. Rg6+ Kh7 47. Rff6 Rg7 48. Rxg7+ Kxg7 49. Rd6 Re7 50. Rxd5 Ra7 1/2-1/2